 Dungeon Crawl Stone Soup version 0.19-a0-1740-g0bcaf2e (webtiles) character file.

354 Amnesiac the Changer (level 6, -4/41 HPs)
             Began as a Mummy Earth Elementalist on Oct 1, 2016.
             Slain by a sky beast (6 damage)
             ... on level 5 of the Dungeon on Oct 2, 2016.
             The game lasted 00:09:37 (2784 turns).

Amnesiac the Changer (Mummy Earth Elementalist)     Turns: 2784, Time: 00:09:38

Health: -4/41      AC:  3    Str: 11    XL:     6   Next: 35%
Magic:  1/11       EV: 12    Int: 15    God:
Gold:   145        SH:  0    Dex: 14    Spells: 3 memorised, 4 levels left

rFire  . . .     SeeInvis .     b - 28 stones
rCold  + . .     Gourm    .     c - +0 robe
rNeg   + + +     Faith    .     (no shield)
rPois  ∞         Spirit   .     (no helmet)
rElec  .         Dismiss  .     (no cloak)
rCorr  .         Reflect  .     f - +0 pair of gloves
MR     .....     Harm     .     (no boots)
Stlth  ++........               (no amulet)
                                (no ring)
                                g - ring of protection from fire

@: no status effects
A: no food or potions, fire vulnerability, cold resistance 1, negative energy
resistance 3, torment resistance, unbreathing
a: no special abilities


You were on level 5 of the Dungeon.
You were not hungry.

You visited 1 branch of the dungeon, and saw 5 of its levels.

You collected 145 gold pieces.

Inventory:

Hand Weapons
 a - a +0 dagger
Missiles
 b - 28 stones (in hand)
Armour
 c - a +0 robe (worn)
 f - a +0 pair of gloves (worn)
Jewellery
 g - a ring of protection from fire (left hand)
Scrolls
 e - a scroll of fog
 h - a scroll of teleportation {unknown}
Books
 d - a book of Geomancy

   Spells                             Type                      Level
   a - Sandblast                      Earth                        1
   b - Passwall                       Transmutation/Earth          2
   c - Stone Arrow                    Conjuration/Earth            3
   d - Petrify                        Transmutation/Earth          4
   e - Lee's Rapid Deconstruction     Earth                        5


   Skills:
 - Level 1.5 Dodging
 - Level 1.5 Stealth
 + Level 3.3 Spellcasting
 * Level 3.8 Transmutations
 * Level 3.7 Earth Magic


You had 4 spell levels left.
You knew the following spells:

 Your Spells              Type           Power        Failure   Level  Hunger
e - Petrify               Tmut/Erth      ##......     41%         4    N/A
f - Sandblast             Erth           ##....       4%          1    N/A
v - Passwall              Tmut/Erth      ##........   8%          2    N/A

Dungeon Overview and Level Annotations

Branches:
Dungeon (5/15)
 Temple: D:4-7

Altars:
Ashenzari
Fedhas
Hepliaklqana
Qazlal
Ru
Vehumet


Innate Abilities, Weirdness & Mutations

You do not eat or drink.
Your flesh is vulnerable to fire.
You are immune to poison.
Your flesh is cold resistant. (rC+)
You are immune to negative energy. (rN+++)
You are immune to unholy pain and torment.
You can survive without breathing.


Message History

Casting: Sandblast
Confirm with . or Enter, or press ? or * to list all spells.
Aiming: Sandblast
Press: ? - help, Shift-Dir - straight line, f/p - sky beast
Aim: a sky beast (severely wounded)
The rocky blast hits the sky beast.
The sky beast is almost dead.
The sky beast hits you.
* * * LOW HITPOINT WARNING * * *
The sky beast shocks you.
* * * LOW HITPOINT WARNING * * *
Casting: Sandblast
Confirm with . or Enter, or press ? or * to list all spells.
Aiming: Sandblast
Press: ? - help, Shift-Dir - straight line, f/p - sky beast
Aim: a sky beast (almost dead)
The rocky blast misses the sky beast.
The sky beast hits you.
* * * LOW HITPOINT WARNING * * *
The sky beast shocks you.
You die...

..##.
....####
#.[.#..
#...#.#
#..c#.#
#...#@#
#...#Y#.#...
###.(....._..
#...#.#.#...#
#..(#.#.# ##
.. ##.(#.# .
.. #..#.# ##
#. #..#..
##+#.##..###


You could see a sky beast.

Vanquished Creatures
  A centaur (D:5)
  Blork the orc (D:4)
  A hound (D:4)
  A jelly (D:5)
  2 worker ants (D:4)
  4 adders
  2 worms
  2 dart slugs (D:2)
  A leopard gecko (D:2)
  3 orcs
  2 bats
  2 giant cockroaches
  9 goblins
  5 hobgoblins
  7 jackals
  2 quokkas
  A jackal skeleton (D:4)
  A kobold (D:3)
  A quokka skeleton (D:4)
  3 rats (D:2)
51 creatures vanquished.

Notes
Turn   | Place    | Note
-------+----------+-------------------------------------------
     0 | D:1      | Amnesiac the Mummy Earth Elementalist began the quest for the Orb.
     0 | D:1      | Reached XP level 1. HP: 13/13 MP: 3/3
   469 | D:2      | Reached XP level 2. HP: 19/19 MP: 0/5
   473 | D:2      | Learned a level 2 spell: Passwall
   551 | D:2      | Reached skill level 1 in Transmutations
  1010 | D:2      | Reached XP level 3. HP: 24/24 MP: 0/6
  1586 | D:3      | Found a blossoming altar of Fedhas.
  1668 | D:4      | Noticed Blork the orc
  1709 | D:3      | Reached XP level 4. HP: 30/30 MP: 0/7
  1715 | D:3      | Learned a level 4 spell: Petrify
  1922 | D:4      | Found a radiant altar of Vehumet.
  1934 | D:4      | Found a hazy altar of Hepliaklqana.
  2198 | D:4      | Found a stormy altar of Qazlal.
  2254 | D:4      | Killed Blork the orc
  2254 | D:4      | Reached XP level 5. HP: 23/35 MP: 1/9
  2398 | D:4      | Noticed a sky beast
  2637 | D:4      | Found a shattered altar of Ashenzari.
  2670 | D:5      | Entered Level 5 of the Dungeon
  2681 | D:5      | Reached XP level 6. HP: 41/41 MP: 2/10
  2737 | D:5      | Noticed a sky beast
  2748 | D:5      | Found a sacrificial altar of Ru.
  2784 | D:5      | HP: 2/41 [sky beast (4)]
  2784 | D:5      | Slain by a sky beast

Vault maps used:
D:1:      saegor_arrival_simple_a
D:2:      nicolae_overflow_hidden_temple
D:3:      fedhas_altar_3, kennysheep_generic_room_16
D:4:      ashenzari_conservatory_becter, marbit_many_paths, lemuel_doored_altar,
          vehumet_crystals, first_bread, uniq_blork_the_orc
D:5:      lemuel_blue_sif_altar, nicolae_ru_sacrificial_ziggurat,
          enter_ossuary_1, nicolae_qazlal_style_of_elements, uniq_edmund

Skill      XL: |  1  2  3  4 |
---------------+-------------+-----
Transmutations | 1 2 3 |  3.8
Spellcasting   | 3 |  3.3
Earth Magic    | 3 |  3.7
Dodging        | |  1.5
Stealth        | |  1.5

Action                   |  1- 3 |  4- 6 || total
-------------------------+-------+-------++-------
Melee: Dagger            |    43 |       ||    43
 Cast: Sandblast         |    66 |    69 ||   135
       Passwall          |     2 |     1 ||     3
  Use: Scroll            |       |     3 ||     3
 Stab: Sleeping          |     2 |       ||     2
Armor: Robe              |    25 |     7 ||    32
Dodge: Dodged            |    60 |    26 ||    86
